| TOP OF THE 1ST |
|
Amarillo ThunderHeads batting - Pitching for Tijuana Toros : RHP Jose Diaz
|
|
Pitching: RHP Jose Diaz
|
|
|
Batting: LHB Carlos Guajardo
|
0-0: Called Strike 0-1: Foul Ball, location: 2F 0-2: Strikes out swinging
|
|
Batting: LHB Mike Gruszewski
|
0-0: Ball 1-0: Called Strike 1-1: Ball 2-1: Ground out 6-3 (Groundball, 6MS, EV 64.4 MPH)
|
|
Batting: RHB Bill Flannery
|
0-0: Ball 1-0: Foul Ball, location: 2F 1-1: Ball 2-1: SINGLE (Line Drive, 9LM, EV 100.0 MPH)
|
|
Batting: LHB Tony Cisneros
|
0-0: Called Strike 0-1: Ball Passed Ball! Bill Flannery to second 1-1: Called Strike 1-2: Strikes out looking
|
| Top of the 1st over - 0 runs, 1 hit, 0 errors, 1 left on base; Amarillo 0 - Tijuana 0 |
| BOTTOM OF THE 1ST |
|
Tijuana Toros batting - Pitching for Amarillo ThunderHeads : RHP Fidel Alonso
|
|
Pitching: RHP Fidel Alonso
|
|
|
Batting: RHB Guillermo Puente
|
0-0: Ball 1-0: Foul Ball, location: 2F 1-1: Foul Ball, location: 2F 1-2: Ground out 4-3 (Groundball, 4, EV 92.5 MPH)
|
|
Batting: RHB Tony Vasquez
|
0-0: Ball 1-0: Called Strike 1-1: Called Strike 1-2: Strikes out swinging
|
|
Batting: RHB Jerry Afghani
|
0-0: Hit by Pitch
|
|
Batting: RHB Shiki Nomoto
|
0-0: Ball 1-0: Ball 2-0: Called Strike 2-1: SINGLE (Line Drive, 6M, EV 97.5 MPH) Jerry Afghani to second
|
|
Batting: RHB Mario Diaz
|
0-0: Ball 1-0: Called Strike 1-1: Fielders Choice at 2nd, 6-4 (Groundball, 6, EV 81.9 MPH)
|
| Bottom of the 1st over - 0 runs, 1 hit, 0 errors, 2 left on base; Amarillo 0 - Tijuana 0 |
| TOP OF THE 2ND |
|
Amarillo ThunderHeads batting - Pitching for Tijuana Toros : RHP Jose Diaz
|
|
Batting: LHB Thie Hofmann
|
0-0: Ball 1-0: Foul Ball, location: 2F 1-1: Foul Ball, location: 2F 1-2: Foul Ball, location: 2F 1-2: Foul Ball, location: 2F 1-2: Ball 2-2: Foul Ball, location: 2F 2-2: Foul Ball, location: 2F 2-2: Foul Ball, location: 2F 2-2: Fly out, F8 (Flyball, 89S, EV 81.2 MPH)
|
|
Batting: RHB Jorge Balderama
|
0-0: Ball 1-0: Fly out, F9 (Flyball, 89XD, EV 101.2 MPH)
|
|
Batting: LHB Bill Mahoney
|
0-0: Swinging Strike 0-1: Ball 1-1: Ball 2-1: Ground out U3 (Groundball, 13, EV 89.4 MPH)
|
| Top of the 2nd over - 0 runs, 0 hits, 0 errors, 0 left on base; Amarillo 0 - Tijuana 0 |
| BOTTOM OF THE 2ND |
|
Tijuana Toros batting - Pitching for Amarillo ThunderHeads : RHP Fidel Alonso
|
|
Batting: RHB Tan-ming Kwan
|
0-0: Ball 1-0: Ball 2-0: Foul Ball, location: 2F 2-1: Fly out, F9 (Flyball, 9LM, EV 109.4 MPH)
|
|
Batting: RHB Clay Holgate
|
0-0: Ball 1-0: Swinging Strike 1-1: Fly out, F7 (Flyball, 7, EV 81.9 MPH)
|
|
Batting: LHB Jose Diaz
|
0-0: Called Strike 0-1: Foul Ball, location: 2F 0-2: Foul Ball, location: 2F 0-2: Strikes out swinging
|
| Bottom of the 2nd over - 0 runs, 0 hits, 0 errors, 0 left on base; Amarillo 0 - Tijuana 0 |
| TOP OF THE 3RD |
|
Amarillo ThunderHeads batting - Pitching for Tijuana Toros : RHP Jose Diaz
|
|
Batting: RHB Eddie Vanderjagt
|
0-0: Called Strike 0-1: Called Strike 0-2: Strikes out swinging
|
|
Batting: RHB Dennis Underwood
|
0-0: Called Strike 0-1: Fly out, F8 (Flyball, 8LM, EV 90.0 MPH)
|
|
Batting: LHB Carlos Guajardo
|
0-0: Ball 1-0: Foul Ball, location: 2F 1-1: Foul Ball, location: 2F 1-2: Fly out, F7 (Flyball, 7, EV 81.2 MPH)
|
| Top of the 3rd over - 0 runs, 0 hits, 0 errors, 0 left on base; Amarillo 0 - Tijuana 0 |
| BOTTOM OF THE 3RD |
|
Tijuana Toros batting - Pitching for Amarillo ThunderHeads : RHP Fidel Alonso
|
|
Batting: LHB Gerardo Arriaga
|
0-0: Ball 1-0: Ball 2-0: Called Strike 2-1: SINGLE (Groundball, 56D, EV 96.9 MPH)
|
|
Batting: RHB Guillermo Puente
|
0-0: Ball 1-0: Ball 2-0: Called Strike 2-1: Ball 3-1: Base on Balls Gerardo Arriaga to second
|
|
Batting: RHB Tony Vasquez
|
0-0: TRIPLE (Line Drive, 89XD, EV 111.9 MPH) Gerardo Arriaga scores Guillermo Puente scores
|
|
Batting: RHB Jerry Afghani
|
0-0: Ball 1-0: Called Strike 1-1: Ball 2-1: Called Strike 2-2: Strikes out swinging
|
|
Batting: RHB Shiki Nomoto
|
0-0: Ball 1-0: Called Strike 1-1: Ball 2-1: Foul Ball, location: 2F 2-2: Strikes out swinging
|
|
Batting: RHB Mario Diaz
|
0-0: Ball 1-0: Fly out, F9 (Flyball, 89S, EV 88.1 MPH)
|
| Bottom of the 3rd over - 2 runs, 2 hits, 0 errors, 1 left on base; Amarillo 0 - Tijuana 2 |
| TOP OF THE 4TH |
|
Amarillo ThunderHeads batting - Pitching for Tijuana Toros : RHP Jose Diaz
|
|
Batting: LHB Mike Gruszewski
|
0-0: Ground out 4-3 (Groundball, 4, EV 91.2 MPH)
|
|
Batting: RHB Bill Flannery
|
0-0: Ball 1-0: Ball 2-0: Ball 3-0: Called Strike 3-1: Called Strike 3-2: SINGLE (Line Drive, 56, EV 96.2 MPH)
|
|
Batting: LHB Tony Cisneros
|
0-0: Swinging Strike 0-1: Foul Ball, location: 2F 0-2: Foul Ball, location: 2F 0-2: Ball 1-2: Foul Ball, location: 2F 1-2: Foul Ball, location: 2F 1-2: Foul Ball, location: 2F 1-2: Foul Ball, location: 2F 1-2: Foul Ball, location: 2F 1-2: Fly out, F7 (Line Drive, 7, EV 94.4 MPH)
|
|
Batting: LHB Thie Hofmann
|
0-0: Called Strike 0-1: Ball 1-1: Called Strike 1-2: SINGLE (Flyball, 89S, EV 85.0 MPH) Bill Flannery to second Runner from 2nd tries for 3rd, SAFE, no throw by CF
|
|
Batting: RHB Jorge Balderama
|
0-0: Called Strike 0-1: Ball Passed Ball! Bill Flannery scores Thie Hofmann to second 1-1: Foul Ball, location: 2F 1-2: Ball 2-2: Foul Ball, location: 2F 2-2: Ball 3-2: Foul Ball, location: 2F 3-2: Strikes out swinging
|
| Top of the 4th over - 1 run, 2 hits, 0 errors, 1 left on base; Amarillo 1 - Tijuana 2 |
| BOTTOM OF THE 4TH |
|
Tijuana Toros batting - Pitching for Amarillo ThunderHeads : RHP Fidel Alonso
|
|
Batting: RHB Tan-ming Kwan
|
0-0: Ball 1-0: Ground out 4-3 (Groundball, 4S, EV 80.0 MPH)
|
|
Batting: RHB Clay Holgate
|
0-0: SINGLE (Groundball, 56S, EV 66.9 MPH) (infield hit)
|
|
Batting: LHB Jose Diaz
|
0-0: Foul Ball, location: 2F 0-1: Swinging Strike 0-2: Ball 1-2: Ball 2-2: Ball 3-2: Foul Ball, location: 2F 3-2: SINGLE (Flyball, 78S, EV 91.2 MPH) Clay Holgate to second
|
|
Batting: LHB Gerardo Arriaga
|
0-0: Fly out, F5 (Line Drive, 5, EV 70.0 MPH)
|
|
Batting: RHB Guillermo Puente
|
0-0: Ball 1-0: Called Strike 1-1: Ground out 4-3 (Groundball, 4, EV 87.5 MPH)
|
| Bottom of the 4th over - 0 runs, 2 hits, 0 errors, 2 left on base; Amarillo 1 - Tijuana 2 |
| TOP OF THE 5TH |
|
Amarillo ThunderHeads batting - Pitching for Tijuana Toros : RHP Jose Diaz
|
|
Batting: LHB Bill Mahoney
|
0-0: Called Strike 0-1: Ball 1-1: Foul Ball, location: 2F 1-2: Ball 2-2: Foul Ball, location: 2F 2-2: Strikes out swinging
|
|
Batting: RHB Eddie Vanderjagt
|
0-0: Reached on error, E4 (Groundball, 4, EV 88.8 MPH)
|
|
Batting: RHB Dennis Underwood
|
0-0: Foul Ball, location: 2F 0-1: Called Strike 0-2: Ball 1-2: Strikes out swinging
|
|
Pitching: LHP Brad Brownell
|
|
|
Batting: LHB Carlos Guajardo
|
0-0: Ball 1-0: Foul Ball, location: 2F 1-1: Ball Wild Pitch! Eddie Vanderjagt to second 2-1: Swinging Strike 2-2: Ball 3-2: Ground out 1-3 (Groundball, 13S, EV 63.8 MPH)
|
| Top of the 5th over - 0 runs, 0 hits, 1 error, 1 left on base; Amarillo 1 - Tijuana 2 |
| BOTTOM OF THE 5TH |
|
Tijuana Toros batting - Pitching for Amarillo ThunderHeads : RHP Fidel Alonso
|
|
Batting: RHB Tony Vasquez
|
0-0: Called Strike 0-1: Ball 1-1: Foul Ball, location: 2F 1-2: Foul Ball, location: 2F 1-2: Strikes out swinging
|
|
Batting: RHB Jerry Afghani
|
0-0: Called Strike 0-1: Ball 1-1: Ball 2-1: Fly out, F5 (Line Drive, 5, EV 65.6 MPH)
|
|
Batting: RHB Shiki Nomoto
|
0-0: Swinging Strike 0-1: Called Strike 0-2: Strikes out swinging
|
| Bottom of the 5th over - 0 runs, 0 hits, 0 errors, 0 left on base; Amarillo 1 - Tijuana 2 |
| TOP OF THE 6TH |
|
Amarillo ThunderHeads batting - Pitching for Tijuana Toros : LHP Brad Brownell
|
|
Pinch Hitting: RHB Ray Travis
|
0-0: Called Strike 0-1: Ball 1-1: Ball 2-1: Ball 3-1: Foul Ball, location: 2F 3-2: Ground out 4-3 (Groundball, 4, EV 81.9 MPH)
|
|
Batting: RHB Bill Flannery
|
0-0: Foul Ball, location: 2F 0-1: Foul Ball, location: 2F 0-2: Ball 1-2: Ball 2-2: SINGLE (Line Drive, 4M, EV 100.0 MPH)
|
|
Batting: LHB Tony Cisneros
|
0-0: Ball 1-0: Foul Ball, location: 2F 1-1: Swinging Strike 1-2: SINGLE (Line Drive, 6MD, EV 94.4 MPH) Bill Flannery to second
|
|
Batting: RHB Shi-fu Cuan
|
0-0: Called Strike 0-1: Ball 1-1: Ball Wild Pitch! Bill Flannery to third Tony Cisneros to second 2-1: Called Strike 2-2: Strikes out swinging
|
|
Batting: RHB Jorge Balderama
|
0-0: Called Strike 0-1: Ball 1-1: Ball 2-1: Ball 3-1: Called Strike 3-2: Foul Ball, location: 2F 3-2: SINGLE (Line Drive, 8RS, EV 91.9 MPH) Bill Flannery scores Tony Cisneros to third Throwing error, E8 Tony Cisneros scores Jorge Balderama to second
|
|
Batting: LHB Bill Mahoney
|
0-0: Ball 1-0: Called Strike 1-1: Foul Ball, location: 2F 1-2: Strikes out looking
|
| Top of the 6th over - 2 runs, 3 hits, 1 error, 1 left on base; Amarillo 3 - Tijuana 2 |
| BOTTOM OF THE 6TH |
|
Tijuana Toros batting - Pitching for Amarillo ThunderHeads : RHP Fidel Alonso
|
|
Now in RF: Jose Ramirez
|
|
|
Batting: RHB Mario Diaz
|
0-0: Foul Ball, location: 2F 0-1: Foul Ball, location: 2F 0-2: Strikes out swinging
|
|
Batting: RHB Tan-ming Kwan
|
0-0: Ball 1-0: Ground out 6-3 (Groundball, 6, EV 103.8 MPH)
|
|
Batting: RHB Clay Holgate
|
0-0: Foul Ball, location: 2F 0-1: Foul Ball, location: 2F 0-2: Ball 1-2: SINGLE (Line Drive, 8LS, EV 100.6 MPH)
|
|
Pitching: RHP Javier Chavez
|
|
|
Batting: LHB Jose Diaz
|
0-0: Foul Ball, location: 2F 0-1: Hit by Pitch Clay Holgate to second
|
|
Pinch Runner at 2nd Alex Diaz:
|
|
|
Pinch Hitting: RHB Jaylen North
|
0-0: Ball 1-0: Swinging Strike 1-1: Ball 2-1: Ball 3-1: Swinging Strike 3-2: SINGLE (Groundball, 56D, EV 109.4 MPH) Alex Diaz to third Jose Diaz to second Alex Diaz scores Jose Diaz to third
|
|
Batting: RHB Guillermo Puente
|
0-0: Ball 1-0: Foul Ball, location: 2F 1-1: Swinging Strike 1-2: Foul Ball, location: 2F 1-2: Foul Ball, location: 2F 1-2: Strikes out looking
|
| Bottom of the 6th over - 1 run, 2 hits, 0 errors, 2 left on base; Amarillo 3 - Tijuana 3 |
| TOP OF THE 7TH |
|
Amarillo ThunderHeads batting - Pitching for Tijuana Toros : LHP Brad Brownell
|
|
Now at 1B: Guo Kwok
|
|
|
Now in RF: Alex Diaz
|
|
|
Batting: RHB Eddie Vanderjagt
|
0-0: Swinging Strike 0-1: Foul Ball, location: 2F 0-2: Strikes out swinging
|
|
Batting: RHB Dennis Underwood
|
0-0: Ball 1-0: SINGLE (Flyball, 34D, EV 93.8 MPH)
|
|
Pinch Hitting: RHB Eric Camillo
|
0-0: Called Strike 0-1: Ball 1-1: Foul Ball, location: 2F 1-2: Foul Ball, location: 2F 1-2: Foul Ball, location: 2F 1-2: Ball 2-2: Ball 3-2: Base on Balls Dennis Underwood to second
|
|
Pitching: RHP Malik Victor
|
|
|
Batting: SHB Jose Ramirez
|
0-0: Fly out, F7 (Flyball, 7LSF, EV 95.0 MPH)
|
|
Batting: RHB Bill Flannery
|
0-0: Foul Ball, location: 2F 0-1: Swinging Strike 0-2: Ball 1-2: Ground out 4-3 (Groundball, 4S, EV 73.1 MPH)
|
| Top of the 7th over - 0 runs, 1 hit, 0 errors, 2 left on base; Amarillo 3 - Tijuana 3 |
| BOTTOM OF THE 7TH |
|
Tijuana Toros batting - Pitching for Amarillo ThunderHeads : RHP Javier Chavez
|
|
Now at 1B: Eric Camillo
|
|
|
Batting: RHB Tony Vasquez
|
0-0: SINGLE (Line Drive, 3D, EV 99.4 MPH)
|
|
Batting: RHB Jerry Afghani
|
0-0: Ball 1-0: Foul Ball, location: 2F 1-1: Swinging Strike 1-2: SINGLE (Groundball, 56, EV 97.5 MPH) (infield hit) Tony Vasquez to second
|
|
Batting: RHB Shiki Nomoto
|
0-0: Called Strike Tony Vasquez steals 3rd base Jerry Afghani to second 0-1: Foul Ball, location: 2F 0-2: Hit by Pitch
|
|
Batting: RHB Mario Diaz
|
0-0: Ball 1-0: Swinging Strike 1-1: Ball 2-1: Called Strike 2-2: Foul Ball, location: 2F 2-2: Grounds into fielders choice 5-2 (Groundball, 56S, EV 88.8 MPH) Jerry Afghani to third Shiki Nomoto to second
|
|
Batting: RHB Tan-ming Kwan
|
0-0: Ball 1-0: Foul Ball, location: 2F 1-1: Ball 2-1: Ball 3-1: Foul Ball, location: 2F 3-2: Base on Balls Jerry Afghani scores Shiki Nomoto to third Mario Diaz to second
|
|
Batting: RHB Alex Diaz
|
0-0: Grounds into fielders choice 6-2 (Groundball, 6, EV 83.1 MPH) Mario Diaz to third Tan-ming Kwan to second
|
|
Pitching: LHP Ruben Lopez
|
|
|
Batting: RHB Djoka Subasic
|
0-0: Fly out, F9 (Flyball, 89M, EV 95.0 MPH)
|
| Bottom of the 7th over - 1 run, 2 hits, 0 errors, 3 left on base; Amarillo 3 - Tijuana 4 |
| TOP OF THE 8TH |
|
Amarillo ThunderHeads batting - Pitching for Tijuana Toros : RHP Malik Victor
|
|
Batting: LHB Tony Cisneros
|
0-0: Ball 1-0: Foul Ball, location: 2F 1-1: Foul Ball, location: 2F 1-2: Ground out U3 (Groundball, 3L, EV 90.6 MPH)
|
|
Batting: RHB Shi-fu Cuan
|
0-0: Called Strike 0-1: Ball 1-1: Swinging Strike 1-2: Ball 2-2: Ball 3-2: Base on Balls
|
|
Batting: RHB Jorge Balderama
|
0-0: Ball 1-0: Ball 2-0: Fly out, F4 (Popup, 4M, EV 74.4 MPH)
|
|
Batting: LHB Bill Mahoney
|
0-0: Called Strike 0-1: Swinging Strike Passed Ball! Shi-fu Cuan to second 0-2: Ball Passed Ball! Shi-fu Cuan to third 1-2: Ball 2-2: Foul Ball, location: 2F 2-2: Strikes out swinging
|
| Top of the 8th over - 0 runs, 0 hits, 0 errors, 1 left on base; Amarillo 3 - Tijuana 4 |
| BOTTOM OF THE 8TH |
|
Tijuana Toros batting - Pitching for Amarillo ThunderHeads : LHP Ruben Lopez
|
|
Pitching: RHP Al Nava
|
|
|
Batting: RHB Guo Kwok
|
0-0: Foul Ball, location: 2F 0-1: Ball 1-1: Called Strike 1-2: Strikes out swinging
|
|
Batting: RHB Guillermo Puente
|
0-0: Foul Ball, location: 2F 0-1: Called Strike 0-2: Foul Ball, location: 2F 0-2: Ground out 5-3 (Groundball, 56S, EV 87.5 MPH)
|
|
Batting: RHB Tony Vasquez
|
0-0: Ball 1-0: Fly out, F3 (Line Drive, 34, EV 61.9 MPH)
|
| Bottom of the 8th over - 0 runs, 0 hits, 0 errors, 0 left on base; Amarillo 3 - Tijuana 4 |
| TOP OF THE 9TH |
|
Amarillo ThunderHeads batting - Pitching for Tijuana Toros : RHP Malik Victor
|
|
Pitching: RHP Joe Goodwin
|
|
|
Pinch Hitting: RHB Adrian Quilantan
|
0-0: Called Strike 0-1: Fly out, F7 (Flyball, 78M, EV 88.8 MPH)
|
|
Pinch Hitting: RHB Nick Hernandes
|
0-0: Ball 1-0: Ball 2-0: Ball 3-0: Called Strike 3-1: Foul Ball, location: 2F 3-2: Strikes out swinging
|
|
Batting: RHB Eric Camillo
|
0-0: Called Strike 0-1: Foul Ball, location: 2F 0-2: Ball 1-2: Ball 2-2: Ground out 6-3 (Groundball, 56S, EV 84.4 MPH)
|
| Top of the 9th over - 0 runs, 0 hits, 0 errors, 0 left on base; Amarillo 3 - Tijuana 4 |
|